 Dungeon Crawl Stone Soup version 0.30-a0-715-gdb4ae3ece1 (webtiles) character file.

Game seed: 6562820166915944481

8194 mampy3000 the Cleaver (level 11, -3/102 HPs)
             Began as a Minotaur Berserker on Jan 24, 2023.
             Was a High Priest of Trog.
             Slain by a yak (8 damage)
             ... on level 1 of the Lair of Beasts.
             The game lasted 00:20:19 (6562 turns).

mampy3000 the Cleaver (Minotaur Berserker)          Turns: 6562, Time: 00:20:19

Health: -3/102     AC: 15    Str: 22    XL:     11   Next: 6%
Magic:  10/10      EV: 13    Int:  4    God:    Trog [*****.]
Gold:   560        SH:  5    Dex: 14    Spells: 10/10 levels left

rFire   . . .      SeeInvis .    a - +1 hand axe (drain)
rCold   . . .      Faith    .    (no shield)
rNeg    . . .      Spirit   .    D - +1 plate armour
rPois   .          Reflect  +    (helmet restricted)
rElec   .          Harm     .    (no cloak)
rCorr   .          Rampage  .    (no gloves)
Will    .....                    (no boots) Stlth
                                 o - amulet of reflection
HPRegen 0.37/turn                w - +5 ring of evasion
MPRegen 0.12/turn                (no ring)

@: lethally poisoned (-3 -> -5)
A: horns 2, retaliatory headbutt
a: Renounce Religion, Berserk, Trog's Hand, Brothers in Arms


You were on level 1 of the Lair of Beasts.
You worshipped Trog.
Trog was extremely pleased with you.
You visited 2 branches of the dungeon, and saw 9 of its levels.
You also visited: Ossuary.

You collected 560 gold pieces.

Inventory:

Hand Weapons
 a - a +1 hand axe of draining (weapon)
Missiles
 e - a throwing net (quivered)
Armour
 D - a +1 plate armour (worn)
Jewellery
 c - a ring of ice
 f - an amulet of regeneration
 o - an amulet of reflection (around neck)
 w - a +5 ring of evasion (left hand)
Wands
 p - a wand of iceblast (18)
 u - a wand of charming (5)
 y - a wand of mindburst (13)
Scrolls
 d - 2 scrolls of teleportation
 h - a scroll of fog
 i - 4 scrolls of amnesia
 j - 4 scrolls of fear
 k - 2 scrolls of enchant weapon
 l - a scroll of poison {unknown}
 s - a scroll of enchant armour
Potions
 b - a potion of mutation {unknown}
 g - 8 potions of curing
 m - 2 potions of flight {unknown}
 n - 2 potions of degeneration
 q - 2 potions of haste {unknown}
 r - a potion of cancellation {unknown}
 t - 7 potions of ambrosia
 x - 3 potions of brilliance
 z - a potion of invisibility {unknown}
 A - 3 potions of might
 B - 2 potions of heal wounds {unknown}
 C - 3 potions of attraction


   Skills:
 + Level 11.0 Fighting
 + Level 14.0 Axes
 + Level 10.7 Armour
 + Level 3.8 Dodging
 + Level 0.5 Stealth
 + Level 1.8 Shields


You had 10 spell levels left.
You didn't know any spells.
Your spell library was empty.

Dungeon Overview and Level Annotations

Branches:
Dungeon (8/15)             Temple (0/1) D:4            Lair (1/5) D:8
Ossuary (visited)

Altars:
Okawaru
Trog
Xom
Zin

Annotations:
D:4 2 transporters


Innate Abilities, Weirdness & Mutations

You have a pair of horns on your head.
You reflexively headbutt those who attack you in melee.


Message History

You feel sick.
You hit the yak.
You kill the yak!
Trog accepts your kill.
You hit the yak. You drain the yak. You hit the yak. You drain the yak.
You feel sick. You block the yak's attack.
You hit the yak.
The yak is lightly wounded.
You hit the yak but do no damage. You slash the yak! You drain the yak.
The yak gores you but does no damage. The yak gores you!
* * * LOW HITPOINT WARNING * * *
You hit the yak but do no damage. You headbutt the yak!
The yak is moderately wounded.
You hit the yak but do no damage. You drain the yak. You hit the yak.
You drain the yak.
You feel sick.
You closely miss the yak.
The yak is moderately wounded.
You hit the yak but do no damage. x2; You drain the yak.
You feel sick. The yak gores you but does no damage. The yak gores you.
* * * LOW HITPOINT WARNING * * *
The yak gores you but does no damage.
You barely miss the yak.
The yak is moderately wounded.
You hit the yak. You barely miss the yak. You hit the yak.
The yak is heavily wounded.
You hit the yak but do no damage. You drain the yak. You hit the yak.
You feel sick. The yak gores you.
* * * LOW HITPOINT WARNING * * *
The yak closely misses you. You furiously retaliate!
You headbutt the yak, but do no damage. The yak barely misses you.
You barely miss the yak.
The yak is heavily wounded.
You hit the yak but do no damage. You hit the yak.
You kill the yak!
Trog accepts your kill. The yak gores you!
* * * LOW HITPOINT WARNING * * *
The yak gores you!
You die...

#....)..#.#........#
#.......#..........#
#........†.........#
#.......###........#
#........##........#
###+P#######.+######
#.# #..# #.. #..# ##
#@## #.YYY....#
##.......#
#........#
#.......## P.......#
#.......# #........


You could see 3 yaks.

Vanquished Creatures
  A catoblepas (Lair:1)
  The ghost of nucleargodhead the Fighter, a novice MiBe of Trog (D:7)
  A black mamba (Lair:1)
  A cane toad (Lair:1)
  A tengu conjurer (D:7)
  A troll (D:8)
  A queen bee (Lair:1)
  3 hornets
  A wyvern (D:8)
  A wraith (Ossuary)
  6 yaks
  2 water moccasins
  3 sky beasts
  3 orc warriors
  An ogre (D:7)
  A centaur (D:7)
  A phantom (D:7)
  2 kobold brigands
  2 bullfrogs
  2 necrophages
  4 scorpions
  9 wights
  25 killer bees (Lair:1)
  A howler monkey (D:5)
  3 hounds
  5 jellies
  5 orc priests
  3 iguanas
  Terence (D:2)
  6 orc wizards
  A mummy (Ossuary)
  4 gnolls (D:5)
  4 adders
  A shadow imp (D:5)
  3 white imps
  2 ufetubi
  A worm (D:2)
  A dart slug (D:1)
  28 orcs
  7 endoplasms
  2 giant cockroaches
  12 goblins
  7 hobgoblins
  10 jackals
  18 kobolds
  2 quokkas
  11 ball pythons
  6 bats
  10 frilled lizards
  10 gnoll skeletons (Ossuary)
  9 kobold skeletons (Ossuary)
  6 orc skeletons (Ossuary)
  2 rats
254 creatures vanquished.

Vanquished Creatures (others)
  15 plants
15 creatures vanquished.

Grand Total: 269 creatures vanquished

Notes
Turn   | Place    | Note
-------+----------+-------------------------------------------
     0 | D:1      | mampy3000 the Minotaur Berserker began the quest for the
                  | Orb.
     0 | D:1      | Reached XP level 1. HP: 19/19 MP: 0/0
   164 | D:1      | Reached XP level 2. HP: 17/27 MP: 1/1
   223 | D:1      | Found a faded altar of an unknown god.
   230 | D:1      | Reached skill level 4 in Axes
   509 | D:1      | Reached ** piety under Trog
   510 | D:1      | Reached XP level 3. HP: 33/33 MP: 2/2
   854 | D:2      | Reached XP level 4. HP: 41/41 MP: 3/3
  1077 | D:2      | Reached skill level 5 in Axes
  1205 | D:2      | Identified the +2 short sword of Evisceration {heavy, rF+
                  | rC+}
  1317 | D:2      | Noticed Terence
  1323 | D:2      | Killed Terence
  1577 | D:3      | Reached XP level 5. HP: 42/47 MP: 4/4
  1658 | D:3      | Reached *** piety under Trog
  1889 | D:4      | Reached skill level 5 in Fighting
  1945 | D:4      | Found a transporter.
  2011 | D:4      | Noticed a fire bat
  2013 | D:4      | Found a transporter.
  2101 | D:4      | Reached skill level 6 in Axes
  2168 | D:4      | Found a staircase to the Ecumenical Temple.
  2407 | D:5      | Entered Level 5 of the Dungeon
  2413 | D:5      | Reached XP level 6. HP: 52/56 MP: 5/5
  2451 | D:5      | Noticed an orc warrior
  2461 | D:5      | Killed an orc warrior
  2462 | D:5      | Reached skill level 7 in Axes
  2466 | D:5      | Reached XP level 7. HP: 61/61 MP: 6/6
  2588 | D:5      | Found an iron altar of Okawaru.
  2835 | D:5      | Found a glowing silver altar of Zin.
  2926 | D:5      | Found a sand-covered staircase.
  2974 | D:5      | Reached skill level 5 in Armour
  2982 | Ossuary  | Entered an ossuary
  2982 | Ossuary  | Noticed a wraith
  2982 | Ossuary  | Noticed a wraith
  2982 | Ossuary  | Noticed a wraith
  2996 | Ossuary  | Reached **** piety under Trog
  3037 | Ossuary  | Noticed a wraith
  3047 | Ossuary  | Killed a wraith
  3048 | Ossuary  | Reached skill level 8 in Axes
  3394 | D:6      | Reached XP level 8. HP: 69/73 MP: 7/7
  3492 | D:6      | Noticed a hornet
  3499 | D:6      | Paralysed by a hornet for 1 turns
  3505 | D:6      | Killed a hornet
  3506 | D:6      | Reached skill level 9 in Axes
  3628 | D:6      | Reached skill level 10 in Axes
  3948 | D:7      | Reached XP level 9. HP: 80/81 MP: 8/8
  3972 | D:7      | Noticed nucleargodhead's ghost (novice MiBe)
  3975 | D:7      | Found a transporter.
  4148 | D:7      | Noticed a tengu conjurer
  4153 | D:7      | Found a transporter.
  4199 | D:7      | Killed a tengu conjurer
  4200 | D:7      | Reached skill level 11 in Axes
  4213 | D:7      | Killed nucleargodhead's ghost
  4298 | D:7      | Reached skill level 12 in Axes
  4313 | D:7      | Reached XP level 10. HP: 69/91 MP: 9/9
  4443 | D:7      | Found a shimmering altar of Xom.
  4443 | D:7      | Found a bloodstained altar of Trog.
  4635 | D:7      | Reached ***** piety under Trog
  5245 | D:8      | Found a staircase to the Lair.
  5420 | D:8      | Paralysed by a hornet for 1 turns
  5422 | D:8      | Reached skill level 13 in Axes
  6054 | Lair:1   | Entered Level 1 of the Lair of Beasts
  6077 | Lair:1   | Reached skill level 10 in Fighting
  6114 | Lair:1   | Reached skill level 10 in Armour
  6127 | Lair:1   | Reached skill level 1 in Shields
  6407 | Lair:1   | Noticed a cane toad
  6414 | Lair:1   | Killed a cane toad
  6477 | Lair:1   | Noticed a catoblepas
  6486 | Lair:1   | Killed a catoblepas
  6487 | Lair:1   | Reached XP level 11. HP: 101/101 MP: 10/10
  6553 | Lair:1   | Reached skill level 14 in Axes
  6562 | Lair:1   | HP: 5/102 [yak (13)]
  6562 | Lair:1   | Slain by a yak

Illustrated notes

Levels and vault maps discovered:
D:1:      zaba_arrival_water, layout_rooms, shapermc_ecumenical_altar_venn,
          fountainhead
D:2:      layout_loops_cross, serial_bayou_lagoon_a, moated_statue,
          minmay_misc_feat_doors, minmay_nonomino_d4, uniq_terence
D:3:      layout_rooms
D:4:      gammafunk_cloud_chamber, layout_basic, temple_doors_e
D:5:      layout_rooms, okawaru_metal_pillars_1_2, mainiacjoe_overflow_paths,
          nicolae_ossuary_entry_false_entrances, guppyfry_early_orc_mine
D:6:      layout_cave_pools
D:7:      layout_loops_ring, jmf_multi_god_temple, gammafunk_ghost_arena
D:8:      layout_basic, lair_entry_dummy, enter_bailey_3, glass_columns_a,
          st_stairs_2
Lair:1:   layout_roguey [special_room_bee], gammafunk_ghost_hive,
          nicolae_lair_lil_pond

Skill      XL: |  1  2  3  4  5  6  7  8  9 10 11 |
---------------+----------------------------------+-----
Fighting       | 4 5 7 8 9 10 11 | 11.0
Axes           | 4 5 6 7 8 10 12 13 14 | 14.0
Armour         | 3 4 5 7 9 10 | 10.7
Dodging        | 3 |  3.8
Shields        | 1 |  1.8
Stealth        | |  0.5

Action                     |  1- 3 |  4- 6 |  7- 9 | 10-12 || total
---------------------------+-------+-------+-------+-------++-------
  Melee: Hand axe          |    95 |   124 |   248 |   189 ||   656
         Headbutt          |     9 |    21 |    47 |    33 ||   110
         Punch             |     1 |     2 |       |     1 ||     4
 Invoke: Berserk           |     1 |     2 |     5 |     4 ||    12
         Trog's Hand       |       |       |     1 |       ||     1
    Use: Scroll            |       |       |    14 |     5 ||    19
 Armour: Animal skin       |     4 |       |       |       ||     4
         Leather armour    |    18 |     4 |       |       ||    22
         Scale mail        |       |     6 |       |       ||     6
         Chain mail        |       |    44 |     5 |       ||    49
         Plate armour      |       |       |    70 |    64 ||   134
  Dodge: Dodged            |    59 |    96 |   128 |    67 ||   350
  Block: Other             |       |       |     6 |    31 ||    37

Table legend: (Time is in decaauts)
 A = Elapsed time spent in this place.
 B = Non-inter-level travel time spent in this place.
 C = Inter-level travel time spent in this place.
 D = Time resting spent in this place.
 E = Time spent auto-exploring this place.
 F = Levels seen in this place.
 G = Mean time per level.
                   A        B        C        D        E       F      G
               +--------+--------+--------+--------+--------+-----+--------+
         Total |   6590 |   6422 |    168 |      0 |   4511 |  10 |  659.0 |
       Dungeon |   5885 |   5717 |    168 |      0 |   4097 |   8 |  735.6 |
          Lair |    484 |    484 |      0 |      0 |    313 |   1 |  484.0 |
       Ossuary |    221 |    221 |      0 |      0 |    100 |   1 |  221.0 |
               +--------+--------+--------+--------+--------+-----+--------+

Top non-repeatable levels by time:
     D:8: 1210 daAuts
     D:7: 892 daAuts
     D:2: 830 daAuts
     D:5: 759 daAuts
     D:1: 704 daAuts
     D:6: 575 daAuts
     D:4: 533 daAuts
  Lair:1: 484 daAuts
     D:3: 378 daAuts
 Ossuary: 221 daAuts
